General information
	        
			
        
        - name: BNet
 
        - type: Ladder 1vs1/FFA
 
        - host: Battle.net
 
        - saver: BEAR_AND
 
        
map: SecretValley 
        - players: 2
 
        - length: 24:54
 
        - speed: Fast
 - version: 1.22 W3XP
 - replay type:  

 
» download(87 KB)
Players
        team 1 (winner) 
              
              
BEAR_AND (
green | 132 APM | 3276 actions | 24:54)
              
 7 Mountain King 
 3 Storm Bolt
 3 Bash
 1 Avatar
 4 Paladin 
 2 Holy Light
 2 Divine Shield
 
                » actions 
                
                | Assign group hotkey | 28 |  | 
| Basic commands | 18 |  | 
| Build / train | 147 |  | 
| Enter build submenu | 53 |  | 
| Enter hero's abilities submenu | 12 |  | 
| Give item / drop item | 9 |  | 
| Remove unit from queue | 2 |  | 
| Right click | 1818 |  | 
| Select / deselect | 474 |  | 
| Select group hotkey | 530 |  | 
| Use ability | 185 |  | 
                3276 total
 » units 
                
                | Peasant | 21 |  | 
| Footman | 5 |  | 
| Gryphon Rider | 10 |  | 
| Knight | 2 |  | 
                38 total
 » upgrades
                
                | Masonry | 3 |  | 
| Armor | 2 |  | 
| Lumber Harvesting | 2 |  | 
| Magic Sentry | 1 |  | 
| Swords | 3 |  | 
| Storm Hammers | 1 |  | 
| Animal War Training | 1 |  | 
                13 total
 » buildings
                
                | Altar of Kings | 1 |  | 
| Farm | 10 |  | 
| Barracks | 2 |  | 
| Lumber Mill | 1 |  | 
| Scout Tower | 39 |  | 
| Arcane Vault | 3 |  | 
| Town Hall | 2 |  | 
| Arcane Tower | 6 |  | 
| Guard Tower | 31 |  | 
| Keep | 1 |  | 
| Blacksmith | 1 |  | 
| Arcane Sanctum | 1 |  | 
| Castle | 5 |  | 
| Gryphon Aviary | 3 |  | 
                106 total
 » build order
                00:08 Altar of Kings
00:09 Farm
00:23 Barracks
00:31 Farm
01:43 Farm
02:54 Lumber Mill
03:44 Scout Tower
03:54 Arcane Vault
03:59 Town Hall
04:03 Scout Tower
04:23 Arcane Tower
04:32 Arcane Tower
04:32 Arcane Tower
04:34 Scout Tower
04:45 Scout Tower
05:22 Scout Tower
05:25 Guard Tower
05:28 Guard Tower
05:42 Scout Tower
05:43 Scout Tower
06:04 Guard Tower
06:08 Scout Tower
06:09 Scout Tower
06:34 Guard Tower
06:38 Guard Tower
06:38 Guard Tower
06:46 Guard Tower
07:06 Guard Tower
07:19 Keep
08:07 Scout Tower
08:07 Scout Tower
08:08 Scout Tower
08:09 Scout Tower
08:15 Blacksmith
08:19 Farm
08:20 Farm
08:21 Farm
08:22 Farm
08:23 Farm
08:40 Guard Tower
09:07 Guard Tower
09:30 Scout Tower
10:01 Guard Tower
10:03 Scout Tower
10:05 Scout Tower
10:08 Arcane Sanctum
10:10 Scout Tower
10:11 Scout Tower
10:21 Guard Tower
10:32 Guard Tower
10:51 Guard Tower
11:16 Arcane Tower
11:31 Guard Tower
11:34 Castle
11:34 Castle
11:35 Castle
12:26 Gryphon Aviary
12:51 Farm
12:52 Farm
12:54 Gryphon Aviary
13:32 Gryphon Aviary
13:52 Scout Tower
14:48 Guard Tower
14:49 Scout Tower
15:03 Scout Tower
15:56 Guard Tower
15:56 Scout Tower
16:39 Guard Tower
16:40 Scout Tower
17:21 Guard Tower
18:50 Scout Tower
18:51 Scout Tower
19:01 Arcane Vault
19:23 Arcane Tower
20:23 Guard Tower
20:30 Barracks
20:35 Scout Tower
20:36 Scout Tower
20:37 Scout Tower
20:37 Scout Tower
20:45 Arcane Vault
21:29 Guard Tower
21:35 Guard Tower
22:02 Guard Tower
22:17 Scout Tower
22:18 Scout Tower
22:19 Scout Tower
22:19 Scout Tower
22:20 Scout Tower
22:21 Scout Tower
22:21 Scout Tower
22:22 Scout Tower
22:23 Scout Tower
22:23 Scout Tower
22:48 Guard Tower
22:49 Guard Tower
22:57 Arcane Tower
22:58 Guard Tower
22:58 Guard Tower
23:30 Guard Tower
23:41 Guard Tower
24:47 Town Hall
» items
                
                | Boots of Speed | 2 |  | 
| Scroll of Regeneration | 5 |  | 
| Lesser Clarity Potion | 10 |  | 
| Scroll of Town Portal | 1 |  | 
| Staff of Teleportation | 1 |  | 
| Staff of Sanctuary | 3 |  | 
| Potion of Healing | 3 |  | 
                25 total
  
               team 2 (loser) 
              
              
1112223331 (
red | 44 APM | 1105 actions | 24:52)
              
 6 Death Knight 
 3 Death Coil
 1 Unholy Aura
 1 Death Pact
 1 Animate Dead
 3 Dreadlord 
 2 Sleep
 1 Vampiric Aura
 
                » actions 
                
                | Assign group hotkey | 25 |  | 
| Basic commands | 4 |  | 
| Build / train | 79 |  | 
| Enter build submenu | 13 |  | 
| Enter hero's abilities submenu | 9 |  | 
| Give item / drop item | 2 |  | 
| Remove unit from queue | 1 |  | 
| Right click | 333 |  | 
| Select / deselect | 474 |  | 
| Select group hotkey | 61 |  | 
| Use ability | 104 |  | 
                1105 total
 » units 
                
                | Acolyte | 7 |  | 
| Ghoul | 2 |  | 
| Crypt Fiend | 11 |  | 
| Obsidian Statue | 4 |  | 
| Necromancer | 16 |  | 
| Meatwagon | 4 |  | 
| Gargoyle | 8 |  | 
                52 total
 » upgrades
                
                | Burrow | 1 |  | 
| Necromancer Training | 2 |  | 
| Skeletal Longevity | 1 |  | 
| Skeletal Mastery | 1 |  | 
| Exhume Corpses | 1 |  | 
| Web | 1 |  | 
                7 total
 » buildings
                
                | Crypt | 1 |  | 
| Graveyard | 1 |  | 
| Altar of Darkness | 1 |  | 
| Ziggurat | 5 |  | 
| Tomb of Relics | 1 |  | 
| Halls of the Dead | 2 |  | 
| Spirit Tower | 1 |  | 
| Temple of the Damned | 1 |  | 
| Slaughterhouse | 1 |  | 
| Black Citadel | 1 |  | 
                15 total
 » build order
                00:08 Crypt
00:11 Graveyard
00:46 Altar of Darkness
01:00 Ziggurat
01:26 Tomb of Relics
02:00 Ziggurat
03:32 Halls of the Dead
03:32 Halls of the Dead
04:02 Spirit Tower
04:53 Ziggurat
05:57 Temple of the Damned
06:00 Slaughterhouse
06:44 Ziggurat
07:02 Black Citadel
12:39 Ziggurat
» items
                
                | Rod of Necromancy | 3 |  | 
| Potion of Healing | 1 |  | 
                4 total
  
                Chat log
          (00:13 / All) 1112223331: yo
(00:22 / All) 1112223331: wassup
(00:35 / All) BEAR_AND: greet
(00:41 / All) 1112223331: r u nigga?
(00:44 / All) BEAR_AND: huh
(00:49 / All) 1112223331: =)
(02:10 / All) 1112223331: what was that?
(02:43 / All) 1112223331: сука помойная?
(02:46 / All) BEAR_AND: ?
(02:53 / All) 1112223331: =)
(05:18 / All) BEAR_AND: well that was ownage
(05:27 / All) 1112223331: wtf
(05:31 / All) 1112223331: that was mh
(05:35 / All) BEAR_AND: hmm
(07:35 / All) BEAR_AND: gg
(13:28 / All) 1112223331: noob 
(13:30 / All) 1112223331: towers
(13:35 / All) BEAR_AND: :)
(13:39 / All) 1112223331: =)
(20:33 / All) 1112223331: u think i can give up?
(20:38 / All) BEAR_AND: good q
(24:29 / All) BEAR_AND: gg
(24:31 / All) BEAR_AND: as i said before
(24:45 / All) 1112223331: as i said before сука помойная